AoeStats
← samr6104

Arabia

508888852Analyzed
1v1 RM · 8d ago on Sep 24, 2026· 43m 16s· 2 players
Game mode
Random Map
Map size
Tiny (2 player)
Population
200
Speed
Normal
Resources
Standard
Victory
Conquest
Starting age
Dark Age
Ending age
Imperial Age
RankedLock teamsTeams togetherTeam positionsShared explorationLock speedFull tech treeHidden civsTurbo modeCheats
Victory
Defeat
🇺🇸 Poles · United States
736
+15
🇪🇸 Franks · Spain
712
-15
samr6104
7:13 Loom
9:30 Feudal Age
10:11 Double-Bit Axe
13:51 Forging
21:31 Fletching
24:44 Castle Age
24:15 Scale Barding Armor
25:35 Bow Saw
26:57 Bodkin Arrow
28:56 Iron Casting
27:59 Elite Skirmisher
29:50 Wheelbarrow
29:52 Gold Mining
31:33 Hand Cart
32:22 Chain Barding Armor
32:03 Town Watch
35:03 Town Patrol
35:00 Stone Mining
35:48 Gold Shaft Mining
36:17 Elite Skirmisher
39:20 Padded Archer Armor
43:04 Imperial Age
AbbeFaria
7:55 Loom
11:57 Feudal Age
13:55 Man-at-Arms
15:53 Double-Bit Axe
21:35 Castle Age
22:26 Long Swordsman
23:07 Squires
23:02 Fletching
23:12 Padded Archer Armor
26:17 Crossbowman
28:37 Thumb Ring
28:40 Bodkin Arrow
29:50 Horse Collar
30:24 Bow Saw
31:09 Wheelbarrow
31:00 Heavy Plow
30:53 Gold Mining
30:53 Stone Mining
30:56 Town Watch
32:00 Leather Archer Armor
31:56 Forging
31:52 Scale Barding Armor
32:54 Stone Shaft Mining
32:45 Husbandry
32:56 Bloodlines
32:07 Light Cavalry
36:38 Imperial Age
35:47 Hand Cart
35:35 Town Patrol
37:06 Winged Hussar
37:53 Murder Holes
40:01 Ballistics
40:42 Chemistry
Connection lost

Rejoining the realm…

Still unreachable

The connection could not be restored.

Session expired

The server has moved on; the page needs a fresh start.